AoeStats
← scabern0

Arabia

507108643Analyzed
1v1 RM · 17d ago on Sep 16, 2026· 30m 5s· 2 players
Game mode
Random Map
Map size
Tiny (2 player)
Population
200
Speed
Normal
Resources
Standard
Victory
Conquest
Starting age
Dark Age
Ending age
Imperial Age
RankedLock teamsTeams togetherTeam positionsShared explorationLock speedFull tech treeHidden civsTurbo modeCheats
Victory
Defeat
🇺🇸 Japanese · United States
956
+18
🇹🇷 Magyars · Türkiye
1000
-55
osteor10
3:34 Loom
10:56 Feudal Age
11:15 Man-at-Arms
11:41 Arson
20:42 Castle Age
19:48 Bloodlines
19:54 Forging
19:38 Fletching
19:50 Padded Archer Armor
19:48 Double-Bit Axe
20:23 Horse Collar
20:40 Stone Mining
22:32 Bodkin Arrow
27:01 Forging
30:14 Wheelbarrow
30:04 Ballistics
30:48 Iron Casting
30:14 Padded Archer Armor
scabern0
12:51 Feudal Age
17:04 Double-Bit Axe
23:09 Horse Collar
27:35 Castle Age
Connection lost

Rejoining the realm…

Still unreachable

The connection could not be restored.

Session expired

The server has moved on; the page needs a fresh start.